 Dungeon Crawl Stone Soup version 0.20.1-1-g8b1a95d (webtiles) character file.

270 equalderp2856 the Chopper (level 6, -7/53 HPs)
             Began as a Minotaur Fighter on July 28, 2017.
             Killed by divine providence
             ... invoked by an orc priest
              (15 damage)
             ... on level 3 of the Dungeon.
             The game lasted 00:07:27 (2502 turns).

equalderp2856 the Chopper (Minotaur Fighter)        Turns: 2502, Time: 00:07:31

Health: -7/53      AC:  7    Str: 21    XL:     6   Next: 1%
Magic:  5/5        EV:  8    Int:  5    God:
Gold:   51         SH: 10    Dex: 11    Spells: 5/5 levels left

rFire    . . .     SeeInvis .   a - +0 war axe
rCold    . . .     Gourm    .   c - +0 shield
rNeg     . . .     Faith    .   b - +0 scale mail
rPois    .         Spirit   .   (helmet restricted)
rElec    .         Reflect  .   (no cloak)
rCorr    .         Harm     .   (no gloves)
MR       .....                  (no boots)
Stlth    ..........             (no amulet)
Regen    0.2/turn               (no ring)
MPRegen  0.1/turn               (no ring)

@: no status effects
A: retaliatory headbutt, horns 2
a: no special abilities


You were on level 3 of the Dungeon.
You were very hungry.

You visited 1 branch of the dungeon, and saw 3 of its levels.

You collected 51 gold pieces.

Inventory:

Hand Weapons
 a - a +0 war axe (weapon)
 p - a +0 hunting sling
Missiles
 k - 2 needles of sleeping
 l - 42 arrows
 n - 15 stones (quivered)
Armour
 b - a +0 scale mail (worn)
 c - a +0 shield (worn)
Jewellery
 t - an uncursed amulet of faith {unknown}
 w - an uncursed amulet of regeneration {unknown}
Scrolls
 e - a scroll of magic mapping {unknown}
 j - 2 scrolls of immolation {unknown}
 o - a scroll of identify {unknown}
 q - a scroll of recharging {unknown}
 r - a scroll of noise {unknown}
 v - a scroll of remove curse {unknown}
Potions
 d - 3 potions of might
 h - a potion of heal wounds {unknown}
 i - 2 potions of lignification {unknown}
 m - a potion of brilliance {unknown}
 s - a potion of berserk rage {unknown}
 u - 2 potions of haste {unknown}
Comestibles
 f - a bread ration
 g - 3 royal jellies


   Skills:
 + Level 4.6 Fighting
 + Level 5.0 Axes
 + Level 4.8 Armour
 + Level 1.0 Dodging
 + Level 0.5 Stealth
 + Level 4.7 Shields


You had 5 spell levels left.
You didn't know any spells.

Dungeon Overview and Level Annotations

Branches:
Dungeon (3/15)

Altars:
Makhleb


Innate Abilities, Weirdness & Mutations

You reflexively headbutt those who attack you in melee.
You have a pair of horns on your head.


Message History

You eat the chunk of flesh.
This raw flesh tastes terrible.
You are feeling very hungry.
The orc priest hits you with a hand axe.
You slash the orc priest!
The orc priest is severely wounded.
The orc priest calls down the wrath of Beogh upon you.
Pain shoots through your body!
You hit the orc priest.
The orc priest is almost dead.
The orc priest mumbles some strange prayers to Beogh against you.
Beogh smites you!
* * * LOW HITPOINT WARNING * * *
You completely miss the orc priest.
The orc priest is almost dead.
The orc priest calls down the wrath of Beogh upon you.
Pain shoots through your body!
* * * LOW HITPOINT WARNING * * *
The orc priest invokes the aid of Beogh against you.
Beogh smites you!
You die...

........ ....... ######## ##
#..... ##### .## ###.... ....#
... ..#.#.# ###.# ..# # #......
#.# #.##.# #...#.# ###.## #S..
#.#.... ......##########o#
#.#.... ###.#.#........)@#
....... ###.#.#.#######..# #.#
#...... ...................##.#
#...... .........######..#.##.#
#...... ##..#.##.#
#..#.##.####...###. ##.....#.###
##..................
(#.[.......###............#.#.#..
...#...#.#.#...#.......##........
......##.#.#.#......#.....#.#.#..


You could see an orc priest and an adder.

Vanquished Creatures
  The ghost of ThePrince the Cudgeler, an amateur MiGl (D:3)
  A scorpion (D:3)
  A hound (D:2)
  4 adders (D:2)
  An ooze (D:2)
  5 worms
  A leopard gecko (D:2)
  4 orcs (D:3)
  A ball python (D:3)
  3 bats
  3 giant cockroaches
  7 goblins
  3 hobgoblins (D:2)
  3 jackals (D:2)
  4 frilled lizards
  A kobold (D:2)
  8 rats
51 creatures vanquished.

Notes
Turn   | Place    | Note
-------+----------+-------------------------------------------
     0 | D:1      | equalderp2856 the Minotaur Fighter began the quest for the Orb.
     0 | D:1      | Reached XP level 1. HP: 19/19 MP: 0/0
   575 | D:1      | Reached XP level 2. HP: 26/26 MP: 1/1
   882 | D:2      | Reached XP level 3. HP: 29/33 MP: 2/2
  1062 | D:2      | Reached skill level 3 in Axes
  1172 | D:2      | Found a burning altar of Makhleb.
  1180 | D:2      | Reached XP level 4. HP: 29/40 MP: 3/3
  1691 | D:3      | Reached skill level 4 in Axes
  1691 | D:3      | Reached XP level 5. HP: 33/47 MP: 4/4
  1808 | D:3      | Noticed ThePrince's ghost (amateur MiGl)
  2367 | D:3      | Killed ThePrince's ghost
  2367 | D:3      | Reached skill level 5 in Axes
  2367 | D:3      | Reached skill level 1 in Dodging
  2367 | D:3      | Reached XP level 6. HP: 17/53 MP: 5/5
  2502 | D:3      | Killed from afar by an orc priest

Skill      XL: |  1  2  3  4  5 |
---------------+----------------+-----
Shields        | 4 |  4.7
Armour         | 4 |  4.8
Fighting       | 4 |  4.6
Axes           | 3 4 5 |  5.0
Dodging        | 1 |  1.0
Stealth        | |  0.5

Action                   |  1- 3 |  4- 6 || total
-------------------------+-------+-------++-------
Melee: War axe           |    59 |    89 ||   148
       Headbutt          |    13 |    15 ||    28
  Eat: Chunk             |       |     4 ||     4
Armor: Scale mail        |    27 |    52 ||    79
Dodge: Dodged            |    18 |    25 ||    43
Block: Shield            |    32 |    50 ||    82
